 Dungeon Crawl Stone Soup version 0.32-a0-975-g85d4e5bfdb (webtiles) character file.

Game seed: 13374526411329411325

157 PriceMaster the Sneak (level 5, 0/25 HPs)
             Began as a Spriggan Enchanter on Apr 19, 2024.
             Slain by a cerulean imp
             ... wielding a +2 spear
             ... summoned by Natasha
              (3 damage)
             ... on level 2 of the Dungeon.
             The game lasted 00:04:36 (1852 turns).

PriceMaster the Sneak (Spriggan Enchanter)          Turns: 1852, Time: 00:04:36

Health: 0/25       AC:  3    Str:  2    XL:     5   Next: 15%
Magic:  3/3        EV: 17    Int: 16    God:
Gold:   48         SH:  0    Dex: 18    Spells: 9/9 levels left

rFire   . . .        f - +0 dagger (antimagic)
rCold   . . .        (no shield)
rNeg    . . .        b - +1 robe
rPois   .            (helmet restricted)
rElec   .            (no cloak)
rCorr   .            (gloves unavailable)
SInv    +            (boots unavailable)
Will    .....        i - amulet of faith
Stlth   ++++         (no ring)
HPRegen 0.24/turn    (no ring)
MPRegen 0.08/turn

%: clarity, faith
@: on berserk cooldown, slowed, quick
A: very small, no large weapons, unfitting armour, see invisible, speed 3,
talons 1, clarity, weak 1
a: no special abilities


You were on level 2 of the Dungeon.
You visited 1 branch of the dungeon, and saw 2 of its levels.

You collected 48 gold pieces.

Inventory:

Hand Weapons
 a - a +1 dagger
 f - a +0 antimagic dagger (weapon)
Armour
 b - a +1 robe (worn)
Jewellery
 i - an amulet of faith (around neck)
Scrolls
 c - a scroll of amnesia {unknown}
 d - a scroll of teleportation {unknown}
 e - 2 scrolls of identify
 g - a scroll of butterflies
 j - a scroll of torment {unknown}
Potions
 h - a potion of berserk rage
 k - a potion of degeneration {unknown}
 l - a potion of lignification {unknown}
 m - a potion of attraction {unknown}


   Skills:
 * Level 1.1 Fighting
 * Level 3.2 Short Blades
 + Level 3.2 Dodging
 * Level 6.5 Stealth
 + Level 2.8 Spellcasting
 + Level 4.0 Hexes


You had 9 spell levels left.
You didn't know any spells.
Your spell library contained the following spells:

 Spells                   Type           Power      Damage    Failure   Level
 Confusing Touch          Hex            15%        N/A       11%         3
 Tukima's Dance           Hex            15%        N/A       11%         3
 Ensorcelled Hibernation  Hex/Ice        16%        N/A       13%         2
 Dazzling Flash           Conj/Hex       16%        N/A       26%         3


Dungeon Overview and Level Annotations

Branches:
Dungeon (2/15)

Altars:

Annotations:
D:2 Natasha


Innate Abilities, Weirdness & Mutations

You are very small and have problems with some larger weapons.
You are too small for most types of armour.
You have supernaturally acute eyesight. (SInv)
You cover ground extremely quickly. (Speed+++)
You have sharp toenails.
You possess an exceptional clarity of mind.
You are weak. (Str -2)


Message History

You are no longer berserk.
You are exhausted.
You feel as though you will be slow longer.
The cerulean imp closely misses you.
You closely miss the cerulean imp.
The cerulean imp is heavily wounded.
Natasha casts a spell.
The cerulean imp hits you but does no damage.
Natasha mumbles some strange words.
You closely miss the cerulean imp.
The cerulean imp is heavily wounded.
You condense into your normal self.
Your +0 antimagic dagger unmelds from your body.
Your +1 robe unmelds from your body.
Your amulet of faith unmelds from your body.
You feel magic leave you.
You feel a strange surge of divine interest.
The cerulean imp hits you but does no damage.
Natasha howls an incantation.
Natasha shimmers violently.
The cerulean imp hits you but does no damage.
You hit the cerulean imp.
The cerulean imp is heavily wounded.
The cerulean imp barely misses you.
Natasha howls an incantation.
You feel troubled.
You hit the cerulean imp but do no damage.
The cerulean imp is heavily wounded.
The cerulean imp hits you with a +2 spear.
You hit the cerulean imp. Your kick misses the cerulean imp.
The cerulean imp is severely wounded.
The cerulean imp hits you with a +2 spear.
* * * LOW HITPOINT WARNING * * *
You hit the cerulean imp.
The cerulean imp is almost dead.
The cerulean imp barely misses you. The cerulean imp misses you.
The cerulean imp closely misses you.
The cerulean imp attacks as it pursues you!
The cerulean imp hits you from afar with a +2 spear.
You die...

#(####............))###
#.# #.###..)##..†#.#
#.# #.###...####.#.#
#5# #.......# #.#.# #5#
#####...# #.#.# #h#
##.#####.#.### #.#
#.............
#.########.............
#.h.5.@....############
############


You could see Natasha and a cerulean imp (summoned).

Vanquished Creatures
  Terence (D:2)
  Natasha (twice) (D:2)
  Robin (D:2)
  2 adders (D:2)
  A dart slug (D:2)
  6 ball pythons
  5 endoplasms
  6 hobgoblins
  3 jackals (D:1)
  A kobold (D:2)
  A quokka (D:2)
  3 bats
  3 frilled lizards (D:1)
  10 goblins
  6 rats
51 creatures vanquished.

Notes
Turn   | Place    | Note
-------+----------+-------------------------------------------
     0 | D:1      | PriceMaster the Spriggan Enchanter began the quest for the
                  | Orb.
     0 | D:1      | Reached XP level 1. HP: 9/9 MP: 5/5
   299 | D:1      | Reached XP level 2. HP: 9/13 MP: 6/6
   920 | D:2      | Noticed Natasha
   964 | D:2      | Gained mutation: You are weak. (Str -2) [potion of
                  | mutation]
   964 | D:2      | Gained mutation: You possess an exceptional clarity of
                  | mind. [potion of mutation]
   964 | D:2      | Gained mutation: You have sharp toenails. [potion of
                  | mutation]
   989 | D:2      | Reached skill level 5 in Stealth
   989 | D:2      | Reached XP level 3. HP: 11/17 MP: 8/8
  1001 | D:2      | Killed Natasha
  1070 | D:2      | Noticed Terence
  1073 | D:2      | Killed Terence
  1074 | D:2      | Reached XP level 4. HP: 21/21 MP: 9/9
  1364 | D:2      | Reached skill level 6 in Stealth
  1412 | D:2      | Noticed Robin
  1577 | D:2      | Reached skill level 1 in Fighting
  1585 | D:2      | Killed Robin
  1757 | D:2      | Noticed Natasha
  1774 | D:2      | Killed Natasha
  1775 | D:2      | Reached XP level 5. HP: 25/25 MP: 3/10
  1800 | D:2      | Noticed Natasha
  1852 | D:2      | Slain by a cerulean imp

Illustrated notes

Levels and vault maps discovered:
D:1:      minmay_arrival_semitransparent, layout_loops_cross, chequers_arboretum
D:2:      layout_loops_ring, minmay_tiny_reverse_x, uniq_robin, uniq_terence,
          uniq_natasha

Skill      XL: |  1  2  3  4 |
---------------+-------------+-----
Dodging        | 3 |  3.2
Hexes          | 4 |  4.0
Stealth        | 5 6 |  6.5
Short Blades   | 2 3 |  3.2
Fighting       | 1 |  1.1
Spellcasting   | |  2.8

Action                     |  1- 3 |  4- 6 || total
---------------------------+-------+-------++-------
  Melee: Dagger            |    94 |    71 ||   165
         Kick              |     5 |    17 ||    22
         Unarmed           |       |    21 ||    21
    Use: Potion            |     3 |     2 ||     5
         Scroll            |     3 |       ||     3
   Stab: Sleeping          |    11 |     4 ||    15
         Invisible         |     1 |       ||     1
 Armour: Robe              |    29 |    22 ||    51
         Skin              |       |    16 ||    16
  Dodge: Dodged            |    68 |    82 ||   150

Table legend: (Time is in decaauts)
 A = Elapsed time spent in this place.
 B = Non-inter-level travel time spent in this place.
 C = Inter-level travel time spent in this place.
 D = Time resting spent in this place.
 E = Time spent auto-exploring this place.
 F = Levels seen in this place.
 G = Mean time per level.
                   A        B        C        D        E       F      G
               +--------+--------+--------+--------+--------+-----+--------+
         Total |   1314 |   1303 |     11 |    224 |    524 |   2 |  657.0 |
       Dungeon |   1314 |   1303 |     11 |    224 |    524 |   2 |  657.0 |
               +--------+--------+--------+--------+--------+-----+--------+

Top non-repeatable levels by time:
     D:2: 694 daAuts
     D:1: 620 daAuts
